 Dungeon Crawl Stone Soup version 0.30-a0-782-ge64f9170bb (webtiles) character file.

Game seed: 4444689703313978416

80 mopl the Stinger (level 4, -2/30 HPs)
             Began as a Formicid Venom Mage on Mar 12, 2023.
             Slain by Crazy Yiuf
             ... wielding a +3 quarterstaff of chaos
              (11 damage)
             ... on level 2 of the Dungeon.
             The game lasted 00:01:53 (2049 turns).

mopl the Stinger (Formicid Venom Mage)              Turns: 2049, Time: 00:01:53

Health: -2/30      AC:  2    Str: 13    XL:     4   Next: 65%
Magic:  5/8        EV: 12    Int: 16    God:
Gold:   108        SH:  0    Dex: 20    Spells: 4/9 levels left

rFire   . . .      SeeInvis +    i - +1 dagger (speed)
rCold   . . .      Faith    .    (no shield)
rNeg    . . .      Spirit   .    a - +0 robe
rPois   +          Reflect  .    (helmet unavailable)
rElec   .          Harm     .    (no cloak)
rCorr   .          Rampage  .    (no gloves)
Will    .....                    (no boots)
Stlth   ++                       (no amulet)
HPRegen 0.25/turn                h - ring of poison resistance
MPRegen 0.11/turn                l - +6 ring of dexterity

@: no status effects
A: permanent stasis, dig shafts and tunnels, antennae 3, four strong arms
a: Dig, Shaft Self


You were on level 2 of the Dungeon.
You visited 1 branch of the dungeon, and saw 2 of its levels.

You collected 108 gold pieces.

Inventory:

Hand Weapons
 i - a +1 dagger of speed (weapon)
Missiles
 m - 6 poisoned darts
Armour
 a - a +0 robe (worn)
 o - a +0 tower shield
Jewellery
 h - a ring of poison resistance (left hand)
 l - a +6 ring of dexterity (right hand)
 p - a ring of positive energy
Scrolls
 c - 2 scrolls of fear {unknown}
 d - 2 scrolls of teleportation {unknown}
 g - 3 scrolls of identify {unknown}
 j - 2 scrolls of enchant armour {unknown}
 k - a scroll of amnesia {unknown}
Potions
 b - 2 potions of magic
 e - 2 potions of heal wounds {unknown}
 f - a potion of ambrosia {unknown}
 n - a potion of brilliance {unknown}
 q - a potion of haste {unknown}
 r - a potion of resistance {unknown}
 s - 2 potions of attraction {unknown}


   Skills:
 - Level 1.7 Dodging
 - Level 2.4 Stealth
 - Level 3.0 Spellcasting
 - Level 1.1 Transmutations
 + Level 6.1 Poison Magic


You had 4 spell levels left.
You knew the following spells:

 Your Spells              Type           Power      Damage    Failure   Level
a - Sting                 Tmut/Pois      56%        1d5       4%          1
o - Olgreb's Toxic Radia  Pois           22%        N/A       14%         4

Your spell library contained the following spells:

 Spells                   Type           Power      Damage    Failure   Level
 Poisonous Vapours        Pois/Air       24%        N/A       8%          2
 Mephitic Cloud           Conj/Pois/Air  8%         N/A       24%         3
 Ozocubu's Refrigeration  Ice            1%         4d7       100%        7
 Ignition                 Fire           1%         3d3       100%        8


Dungeon Overview and Level Annotations

Branches:
Dungeon (2/15)

Altars:

Annotations:
D:2 Crazy Yiuf


Innate Abilities, Weirdness & Mutations

You cannot be hasted, slowed, berserked, paralysed or teleported.
You can dig through walls and to a lower floor.
You have a pair of large antennae on your head. (SInv)
Your four strong arms can wield two-handed weapons with a shield.


Message History

s - 2 white potions As you open the door, it creaks loudly!
There is an open door here.
There is an open door here.
You open the door.
There is an open door here.
There is an open door here.
There is a stone staircase leading up here.
There is a stone staircase leading up here.
You now have 108 gold pieces (gained 9).
You open the door.
Found a hammer.
Found a runed translucent door.
There is an open door here.
There is an open door here.
You see here an adder skeleton.
There is an open door here.
You sense a monster nearby.
You open the door.
Crazy Yiuf whimpers, "Tonal sanguine light!"
The sting hits Crazy Yiuf.
Crazy Yiuf is poisoned.
Crazy Yiuf is lightly wounded.
Crazy Yiuf screams, "Seed tortoise turtle!"
Crazy Yiuf hits you with a +3 quarterstaff of chaos!
The sting hits Crazy Yiuf.
Crazy Yiuf looks even sicker.
Crazy Yiuf is moderately wounded.
Crazy Yiuf says, "Castle!"
Crazy Yiuf hits you with a +3 quarterstaff of chaos!
Crazy Yiuf burns you.
* * * LOW HITPOINT WARNING * * *
You are too injured to fight recklessly!
You are too injured to fight recklessly!
Casting: Sting (safe; 4% risk of failure)
Confirm with . or Enter, or press ? or * to list all spells.
Aiming: Sting (safe; 4% risk of failure)
Press: ? - help, Shift-Dir - straight line, f/p - Crazy Yiuf
Aim: Crazy Yiuf, wielding a +3 quarterstaff of chaos and wearing a +0 cloak (moderately wounded, very poisoned, 75% to hit)
The sting hits Crazy Yiuf.
Crazy Yiuf looks even sicker.
Crazy Yiuf is moderately wounded.
Crazy Yiuf hits you with a +3 quarterstaff of chaos!
You die...

#.............>.####
#..................##
########...#..#.....#
######.#..#...
#.......#
#######.#.<#... ###
###.#.......<#.##
#...##..#...........#.
#...g@####............
#)..### ##....######.
### ####....####
#........ #....##.#
##########....##.#
#.........######.#
#.........# #.#
#....##.### #..


You could see Crazy Yiuf (very poisoned).

Vanquished Creatures
  Jessica (D:2)
  2 adders (D:2)
  3 dart slugs
  2 bats
  2 endoplasms (D:2)
  3 giant cockroaches
  4 goblins
  3 hobgoblins
  2 quokkas (D:1)
  A ball python (D:2)
  2 frilled lizards (D:2)
  5 rats
30 creatures vanquished.

Notes
Turn   | Place    | Note
-------+----------+-------------------------------------------
     0 | D:1      | mopl the Formicid Venom Mage began the quest for the Orb.
     0 | D:1      | Reached XP level 1. HP: 13/13 MP: 3/3
   185 | D:1      | Reached XP level 2. HP: 19/19 MP: 1/5
   883 | D:1      | Found a faded altar of an unknown god.
  1088 | D:2      | Reached XP level 3. HP: 24/24 MP: 4/7
  1166 | D:2      | Reached skill level 3 in Spellcasting
  1166 | D:2      | Reached skill level 5 in Poison Magic
  1221 | D:2      | Noticed Jessica
  1233 | D:2      | Killed Jessica
  1234 | D:2      | Reached XP level 4. HP: 27/30 MP: 1/8
  1253 | D:2      | Learned a level 4 spell: Olgreb's Toxic Radiance
  1534 | D:2      | Reached skill level 6 in Poison Magic
  1885 | D:2      | Found a runed translucent door.
  1886 | D:2      | Noticed Crazy Yiuf
  2049 | D:2      | Slain by Crazy Yiuf

Illustrated notes

Levels and vault maps discovered:
D:1:      dpeg_arrival_windows_large_door, layout_basic,
          dilly_ecumenical_altar_fadedgnrine
D:2:      minmay_door_path, layout_basic, uniq_crazy_yiuf_cottage, uniq_jessica

Skill      XL: |  1  2  3  4 |
---------------+-------------+-----
Spellcasting   | 3 |  3.0
Poison Magic   | 5 6 |  6.1
Dodging        | |  1.7
Stealth        | |  2.4
Transmutations | |  1.1

Action                     |  1- 3 |  4- 6 || total
---------------------------+-------+-------++-------
  Melee: Unarmed           |    25 |       ||    25
         Dagger            |    15 |    12 ||    27
   Cast: Sting             |    27 |    14 ||    41
   Stab: Sleeping          |       |     2 ||     2
 Armour: Robe              |    13 |     2 ||    15
  Dodge: Dodged            |    34 |    11 ||    45

Table legend: (Time is in decaauts)
 A = Elapsed time spent in this place.
 B = Non-inter-level travel time spent in this place.
 C = Inter-level travel time spent in this place.
 D = Time resting spent in this place.
 E = Time spent auto-exploring this place.
 F = Levels seen in this place.
 G = Mean time per level.
                   A        B        C        D        E       F      G
               +--------+--------+--------+--------+--------+-----+--------+
         Total |   2037 |   1907 |    130 |     26 |   1616 |   2 | 1018.5 |
       Dungeon |   2037 |   1907 |    130 |     26 |   1616 |   2 | 1018.5 |
               +--------+--------+--------+--------+--------+-----+--------+

Top non-repeatable levels by time:
     D:1: 1030 daAuts
     D:2: 1007 daAuts
